[Event "Wuerttemberg Rapid Teams 2024"]
[Site "B?blingen, Germany"]
[Date "2024.04.13"]
[Round "5.18"]
[White "Ramirez Marin, Ivan"]
[Black "Bodriyenko, Markiyan"]
[Result "1-0"]
[ECO "A88"]
[WhiteElo "2271"]
[BlackElo "1728"]
[Annotator "RC"]
[PlyCount "34"]
[EventDate "2024.04.13"]
[EventType "team-tourn"]
[SourceTitle "playchess.com"]
[Source "ChessBase"]
[SourceQuality "1"]
[TimeControl "900+5"]

1. c4 f5 2. g3 Nf6 3. Bg2 d6 4. d4 g6 5. Nc3 Bg7 6. Nf3 O-O 7. O-O c6 8. d5 e5 9. dxe6 Bxe6 10. b3 Na6 11. Bf4 Ne4 12. Nxe4 Bxa1 13. Neg5 Qe7 14. Qxa1 Rad8 15. Nxe6 Qxe6 16. Bh6 Rf7 17. Ng5 Ra8 1-0

[Event "Wuerttemberg Rapid Teams 2024"]
[Site "B?blingen, Germany"]
[Date "2024.04.13"]
[Round "5.19"]
[White "Schnepp, Gunnar"]
[Black "Retzlaff, Kian"]
[Result "0-1"]
[ECO "B48"]
[WhiteElo "2233"]
[BlackElo "1793"]
[Annotator "RC"]
[PlyCount "128"]
[EventDate "2024.04.13"]
[EventType "team-tourn"]
[SourceTitle "playchess.com"]
[Source "ChessBase"]
[SourceQuality "1"]
[TimeControl "900+5"]

1. e4 c5 2. Nf3 e6 3. d4 cxd4 4. Nxd4 Nc6 5. Nc3 Qc7 6. Be3 a6 7. Qf3 Nf6 8. O-O-O Bb4 9. Nce2 O-O 10. g4 Ne5 11. Bf4 Nxf3 12. Bxc7 Nxd4 13. Nxd4 Nxe4 14. Be5 d5 15. Bg3 Nxg3 16. hxg3 Bc5 17. f3 h6 18. Nb3 Bf2 19. Bd3 e5 20. Rh3 Be3+ 21. Kb1 Re8 22. Re1 Bg5 23. Rh2 Bd7 24. Nc5 Bc6 25. Bf5 Rad8 26. Rhe2 Be7 27. Nd3 f6 28. Bg6 Rf8 29. c3 Bd6 30. f4 e4 31. Nf2 b5 32. Rh1 Bc5 33. Nh3 Bd7 34. Bf5 Kf7 35. Rf1 g6 36. Bxd7 Rxd7 37. g5 hxg5 38. fxg5 f5 39. g4 Kg7 40. Nf4 Re8 41. gxf5 gxf5 42. Nh5+ Kg6 43. Nf6 Rde7 44. Nxe8 Rxe8 45. Rg2 Be3 46. Rd1 Re5 47. b3 f4 48. a4 f3 49. Rg4 Bxg5 50. axb5 axb5 51. Rf1 e3 52. Rxf3 e2 53. Rg1 e1=Q+ 54. Rxe1 Rxe1+ 55. Ka2 Re3 56. Rxe3 Bxe3 57. Ka3 Bc5+ 58. Kb2 b4 59. cxb4 Bxb4 60. Kc2 Kf5 61. Kd3 Ke5 62. Kc2 Ke4 63. Kd1 Kd3 64. Kc1 Kc3 0-1

[Event "Wuerttemberg Rapid Teams 2024"]
[Site "B?blingen, Germany"]
[Date "2024.04.13"]
[Round "5.20"]
[White "Geshnizjani, Ramin"]
[Black "Retzlaff, Nick"]
[Result "1-0"]
[ECO "B22"]
[WhiteElo "2137"]
[BlackElo "1707"]
[Annotator "RC"]
[PlyCount "57"]
[EventDate "2024.04.13"]
[EventType "team-tourn"]
[SourceTitle "playchess.com"]
[Source "ChessBase"]
[SourceQuality "1"]
[TimeControl "900+5"]

1. e4 c5 2. c3 e6 3. d4 d5 4. exd5 exd5 5. Nf3 Nf6 6. Bb5+ Bd7 7. Qe2+ Qe7 8. Be3 c4 9. Bxd7+ Nbxd7 10. b3 Nb6 11. O-O O-O-O 12. Nbd2 Ne4 13. bxc4 Nxc3 14. Qd3 Ne4 15. c5 Nd7 16. c6 Nb6 17. Rfc1 Nxd2 18. Nxd2 bxc6 19. Qa6+ Qb7 20. Rxc6+ Kb8 21. Bf4+ Ka8 22. Qb5 Be7 23. Rc7 a6 24. Rxb7 axb5 25. Rxb6 b4 26. Rc1 Rc8 27. Rbc6 Rxc6 28. Rxc6 Kb7 29. Rc7+ 1-0

[Event "Wuerttemberg Rapid Teams 2024"]
[Site "B?blingen, Germany"]
[Date "2024.04.13"]
[Round "5.21"]
[White "Seitz, Patrick"]
[Black "Braeuning, Rudolf Wilhelm"]
[Result "1-0"]
[ECO "C47"]
[WhiteElo "2125"]
[BlackElo "2194"]
[Annotator "RC"]
[PlyCount "75"]
[EventDate "2024.04.13"]
[EventType "team-tourn"]
[SourceTitle "playchess.com"]
[Source "ChessBase"]
[SourceQuality "1"]
[TimeControl "900+5"]

1. e4 e5 2. Nf3 Nc6 3. Nc3 Nf6 4. d4 exd4 5. Nxd4 Bc5 6. Be3 Nxd4 7. Bxd4 Bxd4 8. Qxd4 O-O 9. e5 Ne8 10. O-O-O d6 11. f4 Qh4 12. g3 Qh6 13. Bg2 Bg4 14. Bxb7 dxe5 15. Qa4 Rb8 16. Qxa7 Nd6 17. Bd5 Bxd1 18. Rxd1 exf4 19. gxf4 Qxf4+ 20. Kb1 Qb4 21. Bb3 Qg4 22. Qd4 Qxd4 23. Rxd4 Nb5 24. Nxb5 Rxb5 25. a4 Rb7 26. Rd7 g5 27. Bc4 Ra7 28. b3 Kg7 29. Kb2 Kg6 30. Ka3 f5 31. b4 h5 32. b5 Raa8 33. Rxc7 Rac8 34. Rxc8 Rxc8 35. b6 Kf6 36. a5 Ke5 37. b7 Rb8 38. a6 1-0

[Event "Wuerttemberg Rapid Teams 2024"]
[Site "B?blingen, Germany"]
[Date "2024.04.13"]
[Round "5.22"]
[White "Narr, Kevin"]
[Black "Hartmann, Martin"]
[Result "1-0"]
[ECO "B22"]
[WhiteElo "1977"]
[BlackElo "2158"]
[Annotator "RC"]
[PlyCount "81"]
[EventDate "2024.04.13"]
[EventType "team-tourn"]
[SourceTitle "playchess.com"]
[Source "ChessBase"]
[SourceQuality "1"]
[TimeControl "900+5"]

1. d4 Nf6 2. Nf3 c5 3. c3 cxd4 4. cxd4 g6 5. Nc3 Bg7 6. e4 d6 7. Be2 O-O 8. O-O a6 9. a4 Nc6 10. h3 Bd7 11. Be3 Rc8 12. Qb3 Qc7 13. Rfc1 Qb8 14. d5 Nd8 15. a5 e5 16. Nd2 Ne8 17. Nc4 f5 18. Nb6 Rc7 19. Nxd7 Rxd7 20. Bxa6 Nf6 21. Bb5 Rdf7 22. Bd3 f4 23. Bb6 g5 24. f3 h5 25. Nb5 Ne8 26. Rc2 g4 27. Rac1 Nc6 28. dxc6 bxc6 29. Rxc6 gxh3 30. gxh3 Kh8 31. Rc8 Qb7 32. Rxe8 Rxe8 33. Nxd6 Qe7 34. Nxf7+ Kh7 35. Kh2 Rf8 36. Bc5 Qh4 37. Rg1 Rc8 38. Ng5+ Kh8 39. Qf7 Rxc5 40. Qe8+ Bf8 41. Qxf8# 1-0

[Event "Wuerttemberg Rapid Teams 2024"]
[Site "B?blingen, Germany"]
[Date "2024.04.13"]
[Round "5.23"]
[White "Sulzbacher, Kurt"]
[Black "Freiherr von Hauff, Christopher"]
[Result "0-1"]
[ECO "B07"]
[WhiteElo "1976"]
[BlackElo "1960"]
[Annotator "TA"]
[PlyCount "60"]
[EventDate "2024.04.13"]
[EventType "team-tourn"]
[SourceTitle "playchess.com"]
[Source "ChessBase"]
[SourceQuality "1"]
[TimeControl "900+5"]

1. e4 d6 2. d4 Nf6 3. Nc3 g6 4. Be2 Bg7 5. g4 h6 6. g5 (6. f3 $11) 6... hxg5 $17 7. Bxg5 c6 8. Qd2 {[%emt 0:00:26] Black has an edge.} b5 {[%emt 0:00:50] [#] Strongly threatening ...b4.} 9. f3 (9. e5 $11 {deserves consideration.} dxe5 10. dxe5) 9... Nbd7 10. a4 b4 11. Nd1 a5 12. Ne3 c5 {[%emt 0:00:31] White must now prevent ...cxd4.} 13. d5 {[%emt 0:00:22] [#]} (13. c3 $17) 13... Nxe4 $2 14. fxe4 $15 {[%emt 0:01:35] Hoping for 0-0-0.} Bxb2 15. Nd1 {[%emt 0:00:44][%mdl 8192] White does not recover from this.} Bxa1 $19 16. Bb5 f6 17. Bf4 Kf7 18. Nf3 Ne5 19. Bxe5 Bxe5 20. O-O Qf8 21. Bc4 Ba6 22. Ng5+ (22. Bxa6 $142 Rxa6 23. Qe2) 22... Ke8 23. Bxa6 Rxa6 24. Ne6 Rxh2 25. Qd3 (25. Rf2 $142 Qh8 (25... Rxf2 $2 26. Nxf2 Qh8 27. Nc7+ Kf7 28. Nxa6 $19) 26. Rxh2 Qxh2+ (26... Bxh2+ $2 27. Qxh2 Qxh2+ 28. Kxh2 $19) 27. Qxh2 Bxh2+ 28. Kxh2) 25... Qh6 ({Worse is} 25... c4 26. Qxc4 Qh8 27. Qc8+ Kf7 28. Ng5+ Kg7 29. Ne6+ Kh7 30. Qxa6 $11) 26. Qxa6 Rh1+ {[%emt 0:02:23] Black mates.} ({And not} 26... Rxc2 27. Qc8+ Kf7 28. Nd8+ Kg8 (28... Kg7 29. Ne6+ Kf7 30. Nd8+ Kg7 31. Ne6+ Kf7 $11) 29. Ne6+ (29. Qe6+ Kh7 $11) 29... Kf7 30. Nd8+ Kg7 31. Ne6+ Kf7 $11) 27. Kg2 Qh3+ 28. Kf2 Rh2+ 29. Ke1 Bc3+ 30. Nxc3 Qxc3+ {[%emt 0:00:02] Weighted Error Value: White=0.67/Black=0.35.  Loses game:     	White=1     	---        Mistake:       	White=4     	Black=1      Inaccurate:     	White=3     	Black=1      OK:         	White=7     	Black=5      Best:        	---       	Black=3} 0-1

[Event "Wuerttemberg Rapid Teams 2024"]
[Site "B?blingen, Germany"]
[Date "2024.04.13"]
[Round "5.24"]
[White "Kaufmann, Gunther"]
[Black "Deubel, Silas"]
[Result "0-1"]
[ECO "B40"]
[WhiteElo "1852"]
[BlackElo "1851"]
[Annotator "NA RC COMBH"]
[PlyCount "74"]
[EventDate "2024.04.13"]
[EventType "team-tourn"]
[SourceTitle "playchess.com"]
[Source "ChessBase"]
[SourceQuality "1"]
[TimeControl "900+5"]

1. e4 c5 2. Nf3 e6 3. d4 cxd4 4. Nxd4 Nf6 5. Bd3 Nc6 6. Nb3 d5 7. exd5 Nxd5 8. O-O b6 9. c4 Nf6 10. Bg5 Be7 11. Qf3 Bb7 12. Qh3 Ne5 13. Be2 O-O 14. Nc3 Nfd7 15. Bxe7 Qxe7 16. Rad1 Rac8 17. Nd2 Qb4 18. b3 Nf6 19. Bd3 Nxd3 20. Qxd3 Rfd8 21. Qc2 Rd4 22. Nb5 Rg4 23. f3 Rg5 24. Nxa7 Qc5+ 25. Kh1 Ra8 26. Nb5 h5 27. Nc3 Rg6 28. a4 h4 29. Nde4 Qh5 30. Nxf6+ Rxf6 31. Ne4 Rg6 32. Rd7 h3 33. g3 Bc6 34. Rc7 Be8 35. Nd6 Qe5 36. Nxe8 Rxe8 37. f4 Qxc7 0-1

[Event "Wuerttemberg Rapid Teams 2024"]
[Site "B?blingen, Germany"]
[Date "2024.04.13"]
[Round "5.26"]
[White "Kaufmann, Thorsten"]
[Black "Hofer, Markus"]
[Result "0-1"]
[ECO "B03"]
[WhiteElo "2057"]
[BlackElo "2047"]
[Annotator "NA RC"]
[PlyCount "92"]
[EventDate "2024.04.13"]
[EventType "team-tourn"]
[SourceTitle "playchess.com"]
[Source "ChessBase"]
[SourceQuality "1"]
[TimeControl "900+5"]

1. e4 Nf6 2. e5 Nd5 3. d4 d6 4. exd6 exd6 5. Nf3 Be7 6. Be2 O-O 7. O-O Bf6 8. h3 Bf5 9. a3 Nc6 10. c4 Nb6 11. Nc3 Re8 12. b3 a5 13. Bb2 a4 14. d5 Na5 15. Nxa4 Nxa4 16. Bxf6 Qxf6 17. bxa4 Qc3 18. Nd4 Bg6 19. Nb5 Qb2 20. Bd3 Re7 21. Bxg6 hxg6 22. Qc1 Qxc1 23. Raxc1 Nb3 24. Rc3 Nc5 25. Rb1 Rxa4 26. Rb4 Ra6 27. Re3 Rxe3 28. fxe3 Kf8 29. Nxc7 Rxa3 30. Nb5 Ra1+ 31. Kh2 Ke7 32. Nc3 Ra3 33. Nb5 Rxe3 34. Na7 Ra3 35. Nb5 Ra2 36. Rb1 Rc2 37. Re1+ Kd7 38. Rf1 f6 39. Rf4 g5 40. Rd4 f5 41. h4 Nb3 42. Rd3 Nc1 43. Re3 Rxc4 44. Re6 Rxh4+ 45. Kg1 Rh6 46. Nxd6 Rxe6 0-1

[Event "Wuerttemberg Rapid Teams 2024"]
[Site "B?blingen, Germany"]
[Date "2024.04.13"]
[Round "5.29"]
[White "Belica, Matej"]
[Black "Schaefer, Daniel"]
[Result "1-0"]
[ECO "C54"]
[WhiteElo "2173"]
[BlackElo "1952"]
[Annotator "RC"]
[PlyCount "101"]
[EventDate "2024.04.13"]
[EventType "team-tourn"]
[SourceTitle "playchess.com"]
[Source "ChessBase"]
[SourceQuality "1"]
[TimeControl "900+5"]

1. e4 e5 2. Nf3 Nc6 3. Bc4 Bc5 4. c3 Nf6 5. d3 h6 6. Bb3 d6 7. Nbd2 O-O 8. h3 a5 9. O-O Ba7 10. Re1 Ne7 11. Nc4 c6 12. d4 Ng6 13. dxe5 Nxe5 14. Ncxe5 dxe5 15. Qxd8 Rxd8 16. Nxe5 Be6 17. Nf3 Re8 18. e5 Nd7 19. Be3 Bxb3 20. axb3 Nxe5 21. Rxa5 Nxf3+ 22. gxf3 Bxe3 23. Rxe3 Red8 24. Rxa8 Rxa8 25. Re7 Ra2 26. Rxb7 Rxb2 27. f4 g6 28. Kg2 c5 29. Rb5 Kg7 30. Kf3 Kf6 31. Ke4 Ke6 32. Rb6+ Kd7 33. Kd5 Rxf2 34. Rb7+ Kc8 35. Rxf7 Rf3 36. Kc4 g5 37. f5 Rxh3 38. Rf6 Kc7 39. Rg6 Rf3 40. f6 Rf5 41. Rxh6 g4 42. Rg6 Kc6 43. f7+ Kd7 44. Rxg4 Ke7 45. Rg7 Rf3 46. Rh7 Rf5 47. f8=Q+ Kxf8 48. Rc7 Rf3 49. Rxc5 Ke8 50. Rd5 Ke7 51. b4 1-0

[Event "Wuerttemberg Rapid Teams 2024"]
[Site "B?blingen, Germany"]
[Date "2024.04.13"]
[Round "5.31"]
[White "Vrabac, Branko"]
[Black "Mikeler, Marcel"]
[Result "0-1"]
[ECO "D02"]
[WhiteElo "1932"]
[BlackElo "1945"]
[Annotator "TA"]
[PlyCount "77"]
[EventDate "2024.04.13"]
[EventType "team-tourn"]
[SourceTitle "playchess.com"]
[Source "ChessBase"]
[SourceQuality "1"]
[TimeControl "900+5"]

1. d4 d5 2. Bf4 Nf6 3. e3 c5 4. Nf3 Nc6 5. Nbd2 Qb6 6. dxc5 $1 Qxc5 7. a3 Bg4 8. c4 {[%emt 0:00:28] White is slightly better.} e5 9. Bg5 a5 (9... e4 $11 {keeps the balance.} 10. h3 Be6) 10. Qa4 $16 d4 {[%emt 0:00:45] [#]} 11. b4 $1 Qe7 {[%emt 0:02:17] [#]} 12. Be2 (12. c5 $1 $16) 12... O-O-O $2 (12... dxe3 $14 13. Bxe3 e4) 13. b5 $18 (13. bxa5 h6 $18 (13... d3 $2 14. Bd1 $18)) 13... Nb8 14. Qxa5 (14. c5 $142) 14... h6 (14... dxe3 $142 15. Bxe3 e4) 15. Bh4 dxe3 16. fxe3 e4 (16... Qc5 $142 17. Bf2 b6) 17. Nd4 Bxe2 18. Kxe2 (18. Nxe2 $6 Qc5 $18) 18... Qe5 19. Bg3 Qh5+ 20. Ke1 Bd6 {[%emt 0:00:02] Against Qc7+} 21. Bxd6 Rxd6 22. c5 Rd5 (22... Qxc5 {was called for.} 23. N2b3 b6) 23. Nc4 Rxc5 24. Nb6+ Kd8 25. Rd1 (25. Na4+ $18 Ke7 26. Nxc5 Qxc5 27. Qb4) 25... Ke8 $2 (25... Ke7 $16) 26. Na8 $2 ({White should play} 26. Qa8 $18 Qe5 27. Qxb7) 26... Nbd7 $11 {[%emt 0:00:25] ...Nd5 is the strong threat.} 27. Nc7+ (27. Nb6 $1 $11 Ke7 28. Nxd7 Nxd7 29. Qa7) 27... Ke7 $19 28. Qb4 Kd8 $2 (28... Qg5 $19 29. b6 Qxe3+ 30. Kf1 Kd8 31. Qxc5 Nxc5 32. Nf5+ Qd3+ 33. Rxd3+ exd3 34. Nxg7 d2) 29. b6 $11 Nd5 $2 (29... Kc8 $11 {and Black stays safe.} 30. Ncb5 Qg5) 30. Qa4 $4 (30. Nxd5 $18 Rxd5 31. Rf1) 30... Nxc7 $4 (30... Nxe3 $2 31. Nde6+ Ke7 32. Rxd7+ $18 (32. Qxd7+ Kf6 $18)) (30... N7xb6 $19 31. Qb3 Kxc7) 31. bxc7+ $2 (31. Ne6+ $1 {mates} Ke7 32. Qxd7+ (32. bxc7 Nb6 $14) 32... Kf6 33. Rf1+ (33. Nxc7 Kg6 $18) 33... Qf5 34. Nxc5 Qxf1+ 35. Kxf1 Ne6 36. Nxe6 (36. Nxe4+ Kg6 $18)) 31... Kxc7 {[%emt 0:00:02] aiming for ...Ne5.} 32. Qb4 (32. Rf1 $11) 32... Ra8 (32... Qg5 $17 33. Kf2 Qf6+ 34. Ke1 Kb8) 33. Ne2 (33. Rf1 $11 {remains equal.}) 33... Qh4+ $2 {[%emt 0:00:00][%mdl 8192] Really sharp!} (33... Raa5 $17 {keeps the pressure on. And now ...Qg6 would win.} 34. Rf1 Ne5 (34... Qxh2 35. Rxd7+ Kxd7 36. Qxb7+ Kd8 37. Qxf7 $14) 35. Qxe4 Kb8 (35... Rxa3 36. Qd4 $11) (35... Qxh2 36. Rb1 $17)) 34. g3 $18 {[%emt 0:00:02][%mdl 1024] White has strong compensation.} Qg5 (34... Qh5 $2 35. Rxd7+ (35. Qxe4 Ne5 $15) 35... Kxd7 36. Qxb7+ (36. Qxe4 $2 Qd5 $19) 36... Rc7 37. Qxa8 $18) 35. Rd4 $4 (35. Qxe4 $2 Rxa3 36. Rd3 Rxd3 37. Qxd3 Ne5 $19) (35. Rxd7+ $1 $18 {was the only winning move.} Kxd7 36. Qxb7+ (36. Qxe4 $2 Rxa3 37. Qxb7+ Rc7 $19) 36... Kd6 37. Qxa8 Qxe3 38. Qd8+ Ke6 39. Qd2 Qxd2+ 40. Kxd2) 35... Raa5 {[%emt 0:00:00] Strongly threatening ...Ne5.} 36. Rf1 f6 $2 ({Less strong is} 36... Qxe3 37. Rxf7 Rc1+ 38. Rd1 Rxd1+ (38... Qxa3 39. Rfxd7+ Kc6 40. Qxb7+ Kc5 41. Rc7#) 39. Kxd1 Qd3+ (39... Rxa3 $2 40. Rxd7+ Kxd7 41. Qxb7+ Kd6 42. Qb8+ Kc5 43. Qc7+ Kb4 44. Qb7+ Ka4 45. Qa8+ Kb3 46. Qb7+ Ka2 47. Nc1+ Ka1 48. Qxg7+ Qc3 49. Qxc3+ Rxc3 50. Ne2 $19) (39... Qxa3 40. Qxa3 Rxa3 41. Rxg7 $11) 40. Qd2 $17) (36... Rab5 $19 37. Rxf7 Rxb4 (37... Qxe3 $2 38. Rdxd7+ Kc6 39. Rc7+ Kd6 40. Qd4+ Qxd4 41. Rcd7+ Ke5 42. Rfe7+ Kf6 43. Nxd4 $18) 38. Rdxd7+ Kb8 39. axb4 Rb5) 37. h4 $2 (37. Nf4 $11 {and White is okay.} Qe5 38. Qb3) 37... Qxe3 $19 38. Rxd7+ $2 (38. Qd2 Qxd2+ (38... Qxa3 39. Rxd7+ Kb8 40. Rd8+ Rc8 41. Rf4 $18) 39. Rxd2) 38... Kxd7 39. Qb5+ {[%emt 0:00:00] What a bad dream for White.   Weighted Error Value: White=1.25/Black=1.12.  Loses game:     	White=2     	Black=4      Missed win:     	White=4     	Black=3      Mistake:       	White=5     	Black=5      Inaccurate:     	White=2     	Black=1      OK:         	White=8     	Black=9      Best:        	White=4     	Black=4} 0-1

[Event "Wuerttemberg Rapid Teams 2024"]
[Site "B?blingen, Germany"]
[Date "2024.04.13"]
[Round "5.33"]
[White "Foksha, Mischa"]
[Black "Kulm, Justin"]
[Result "0-1"]
[ECO "A16"]
[WhiteElo "2021"]
[BlackElo "1963"]
[Annotator "NA RC"]
[PlyCount "80"]
[EventDate "2024.04.13"]
[EventType "team-tourn"]
[SourceTitle "playchess.com"]
[Source "ChessBase"]
[SourceQuality "1"]
[TimeControl "900+5"]

1. c4 Nf6 2. g3 g6 3. Bg2 Bg7 4. Nf3 O-O 5. O-O d5 6. cxd5 Nxd5 7. Nc3 Nxc3 8. bxc3 Nd7 9. Rb1 Nb6 10. a4 a5 11. Qc2 Bd7 12. Ra1 Qe8 13. Nd4 Bxa4 14. Qb1 Ra7 15. Ba3 Nc4 16. Qa2 Nxa3 17. Qxa3 Bd7 18. Rfb1 e5 19. Nc2 Bc6 20. Qc5 Ra6 21. Bxc6 Rxc6 22. Qxa5 Qd7 23. d3 e4 24. d4 b6 25. Qb5 Rd8 26. Ra3 Qe6 27. Ne3 Rcd6 28. d5 Qd7 29. Qb4 Re8 30. Ra7 Bh6 31. Nc4 Rxd5 32. Kg2 Qc6 33. e3 Rc5 34. Nd2 Rxc3 35. Nb3 Rc4 36. Qd2 Rc2 37. Qe1 Bg7 38. Nc1 Rd8 39. Nb3 Qf6 40. Nd4 Rc4 0-1

[Event "Wuerttemberg Rapid Teams 2024"]
[Site "B?blingen, Germany"]
[Date "2024.04.13"]
[Round "5.34"]
[White "Bueble, Joschua"]
[Black "Foksha, Alexander"]
[Result "1-0"]
[ECO "D36"]
[WhiteElo "1972"]
[BlackElo "1924"]
[Annotator "TA"]
[PlyCount "83"]
[EventDate "2024.04.13"]
[EventType "team-tourn"]
[SourceTitle "playchess.com"]
[Source "ChessBase"]
[SourceQuality "1"]
[TimeControl "900+5"]

1. d4 d5 2. Nf3 Nf6 3. c4 c6 4. Nc3 e6 5. Bg5 Bd6 6. e3 Nbd7 7. Qc2 Qe7 8. cxd5 exd5 9. Bd3 h6 10. Bh4 O-O 11. O-O Re8 12. Rfe1 (12. e4 $5 dxe4 13. Nxe4 $14) 12... g5 13. Bg3 (13. e4 $5) 13... Bxg3 14. hxg3 {[%emt 0:00:03] The position is equal.} Ne4 15. Bxe4 dxe4 16. Nd2 Nf6 17. Nc4 Bf5 18. Ne5 Rad8 19. Qe2 Nd7 20. Nxd7 Rxd7 21. Qh5 Kg7 22. Red1 Qe6 {[%emt 0:00:13] [#] Strongly threatening ...Bg4.} 23. Qe2 Bg4 24. f3 Bf5 25. Kf2 (25. Re1 $11) 25... a5 ({Black should play} 25... exf3 $17 26. gxf3 g4) 26. Na4 (26. Rd2 $11) 26... Rde7 $17 {[%emt 0:00:23] And now ...exf3 would win. White is weak on the light squares} 27. Re1 (27. Nc5 $17 Qg6 28. fxe4 Bxe4 29. Nxe4 Rxe4 30. Rd3) 27... Qd6 $2 (27... exf3 $19 28. gxf3 g4) 28. Qd2 (28. f4 $1 $11) 28... Qd8 $2 (28... exf3 $19 29. gxf3 g4 30. Qxa5 b5) 29. Rad1 Qc7 30. Qc3 {[%emt 0:00:29] Black must now prevent g4.} f6 31. d5 cxd5 32. Rxd5 Be6 33. Rxa5 (33. Qxc7 {simplifies} Rxc7 34. Rxa5 exf3 35. gxf3 Bxa2 36. g4) 33... Bxa2 ({Black should try} 33... exf3 $11 34. gxf3 Qd8) 34. Rc5 (34. Qxc7 $14 Rxc7 35. Nc3) 34... Qd6 $11 35. b3 (35. f4 $11 {remains equal.}) 35... Rd8 (35... exf3 $17 {[%cal Oa2b3] Threatens to win with ...Bxb3!} 36. gxf3 Qe6) 36. Qb2 Ra8 $2 {[%emt 0:01:11] [#]} 37. Rb5 $1 $36 {[%emt 0:01:15][%cal Bc5b5,Bb5b6,Bb6b7][%mdl 2080] White has strong initiative.} (37. Qxa2 $2 Qxc5 38. Qb2 Qe5 $19) 37... Qd3 $2 (37... exf3 {was called for.} 38. Rb6 (38. Qxa2 Qd3 $11) 38... Qe5) 38. Rb6 Qd8 (38... Rf7 $142 39. Nc5 (39. Qxa2 Rc8 $18) 39... Qd5) 39. Qxf6+ {[%emt 0:00:04] White is clearly winning.} (39. Qxa2 $2 {too greedy.} Qxb6 40. Re2 Qc6 $19) 39... Kg8 40. Qxh6 {[%emt 0:01:03] White wants to mate with Rg6+.} Rg7 41. Qe6+ ({Inferior is} 41. fxe4 Bxb3 42. Rd6 Qc7 $11) 41... Rf7 42. Rxb7 {[%emt 0:00:15] What a bad dream for Black.   Weighted Error Value: White=0.38/Black=0.52.  Loses game:     	White=1     	Black=1      Missed win:     	---       	Black=2      Mistake:       	White=5     	Black=5      Inaccurate:     	White=2     	Black=2      OK:         	White=7     	Black=11     Best:        	White=1     	Black=3      Strong:       	White=1     	---} 1-0

[Event "Wuerttemberg Rapid Teams 2024"]
[Site "B?blingen, Germany"]
[Date "2024.04.13"]
[Round "5.35"]
[White "Hadziselimovic, Adnan"]
[Black "Schraegle, Thorsten"]
[Result "1-0"]
[ECO "E09"]
[WhiteElo "2053"]
[BlackElo "1918"]
[Annotator "NA RC"]
[PlyCount "100"]
[EventDate "2024.04.13"]
[EventType "team-tourn"]
[SourceTitle "playchess.com"]
[Source "ChessBase"]
[SourceQuality "1"]
[TimeControl "900+5"]

1. c4 e6 2. g3 d5 3. d4 Nf6 4. Bg2 Bb4+ 5. Bd2 Be7 6. Nf3 O-O 7. O-O c6 8. Nc3 b6 9. Qc2 Nbd7 10. e4 dxe4 11. Nxe4 Nxe4 12. Qxe4 Bb7 13. Bf4 Nf6 14. Qd3 c5 15. Rad1 cxd4 16. Qxd4 Bc5 17. Qc3 Qe7 18. Bg5 h6 19. Bxf6 Qxf6 20. Qxf6 gxf6 21. Rd7 Bc6 22. Rd3 Be4 23. Rdd1 Rfd8 24. Nd2 Bxg2 25. Kxg2 Rd4 26. Nb3 Rxc4 27. Rd7 b5 28. Rb7 Bb6 29. Rd1 Rc2 30. Rd2 Rac8 31. Rbd7 Kf8 32. Rxc2 Rxc2 33. Rd2 Rc4 34. Kf3 Ke7 35. Rd3 Rc2 36. Rd2 Rc4 37. Rd3 a5 38. a3 a4 39. Nd2 Rc2 40. Ke2 Rxb2 41. f4 Ba5 42. Ke3 Bxd2+ 43. Rxd2 Rxd2 44. Kxd2 Kd6 45. Kd3 Kd5 46. Kc3 Kc5 47. g4 e5 48. f5 e4 49. h4 e3 50. g5 fxg5 1-0

[Event "Wuerttemberg Rapid Teams 2024"]
[Site "B?blingen, Germany"]
[Date "2024.04.13"]
[Round "5.36"]
[White "Guenter, Alexander"]
[Black "Valchev, Martin V"]
[Result "1-0"]
[ECO "A05"]
[WhiteElo "1997"]
[BlackElo "1529"]
[Annotator "NA RC"]
[PlyCount "95"]
[EventDate "2024.04.13"]
[EventType "team-tourn"]
[SourceTitle "playchess.com"]
[Source "ChessBase"]
[SourceQuality "1"]
[TimeControl "900+5"]

1. Nf3 Nf6 2. g3 b5 3. Bg2 Nc6 4. O-O Bb7 5. c3 d5 6. d4 e6 7. Bg5 Be7 8. Nbd2 Ne4 9. Bxe7 Nxe7 10. Ne5 f6 11. Nd3 Qd6 12. f3 Nxd2 13. Qxd2 e5 14. Nc5 Bc8 15. e3 O-O 16. Rae1 Rb8 17. b4 Nc6 18. a3 Bf5 19. e4 dxe4 20. fxe4 Bg4 21. d5 Ne7 22. h3 Bc8 23. Qe3 c6 24. Rd1 cxd5 25. exd5 f5 26. Rfe1 Ng6 27. Nd3 e4 28. Nf4 Ne5 29. Qxa7 Qb6+ 30. Qxb6 Rxb6 31. Ne2 Bd7 32. Nd4 Ra8 33. Nc2 Nc4 34. g4 Nxa3 35. Nd4 fxg4 36. hxg4 Bxg4 37. Ra1 Rba6 38. Bxe4 Nc4 39. Rxa6 Rxa6 40. Nxb5 Ra2 41. d6 Rd2 42. Nd4 Nxd6 43. Bd5+ Kf8 44. b5 Rb2 45. Bc6 Nc4 46. Re8+ Kf7 47. Re4 h5 48. Bd5+ 1-0

[Event "Wuerttemberg Rapid Teams 2024"]
[Site "B?blingen, Germany"]
[Date "2024.04.13"]
[Round "5.37"]
[White "Strathmann, Sacha"]
[Black "Abel, Manfred"]
[Result "1-0"]
[ECO "B50"]
[WhiteElo "2125"]
[BlackElo "1881"]
[Annotator "RC"]
[PlyCount "93"]
[EventDate "2024.04.13"]
[EventType "team-tourn"]
[SourceTitle "playchess.com"]
[Source "ChessBase"]
[SourceQuality "1"]
[TimeControl "900+5"]

1. e4 c5 2. Nf3 d6 3. Nc3 Nf6 4. e5 dxe5 5. Nxe5 a6 6. g3 Nbd7 7. d4 e6 8. Bf4 cxd4 9. Qxd4 Bc5 10. Qa4 O-O 11. O-O-O Qb6 12. Bg2 Bxf2 13. Kb1 Bc5 14. Rhf1 Bb4 15. Nc4 Qc5 16. Bd6 Qxc4 17. Rf4 Qxf4 18. gxf4 Bxd6 19. Rxd6 Rb8 20. Qd4 Rd8 21. Ne4 Nd5 22. f5 b5 23. fxe6 fxe6 24. Ng5 Re8 25. Nxe6 N7f6 26. Bxd5 Nxd5 27. Qxd5 Bb7 28. Qe5 Re7 29. b3 Rbe8 30. Qc5 Rxe6 31. Rxe6 Rxe6 32. Qc7 Be4 33. Kb2 Kf8 34. c4 Re7 35. Qb8+ Kf7 36. Qf4+ Ke8 37. cxb5 axb5 38. Qb8+ Kf7 39. Qxb5 g6 40. Qc4+ Kf6 41. a4 Bf5 42. a5 Be6 43. Qd4+ Kf7 44. a6 Re8 45. a7 Ra8 46. Qf4+ Ke7 47. Qc7+ 1-0

[Event "Wuerttemberg Rapid Teams 2024"]
[Site "B?blingen, Germany"]
[Date "2024.04.13"]
[Round "5.38"]
[White "Forstmann, Oliver"]
[Black "Baur, Frank"]
[Result "0-1"]
[ECO "B33"]
[WhiteElo "1750"]
[BlackElo "2050"]
[Annotator "NA RC"]
[PlyCount "48"]
[EventDate "2024.04.13"]
[EventType "team-tourn"]
[SourceTitle "playchess.com"]
[Source "ChessBase"]
[SourceQuality "1"]
[TimeControl "900+5"]

1. e4 c5 2. Nf3 Nc6 3. d4 cxd4 4. Nxd4 Nf6 5. Nc3 e5 6. Nb3 Bb4 7. Bd3 d5 8. exd5 Nxd5 9. Bd2 Nxc3 10. Bxc3 Bxc3+ 11. bxc3 O-O 12. O-O Qe7 13. Qe2 Be6 14. Be4 Nd8 15. Qh5 f5 16. Bd3 Rc8 17. c4 e4 18. Be2 g6 19. Qh6 Bxc4 20. Qd2 Bxe2 21. Qxe2 Ne6 22. f3 Nf4 23. Qe3 Qg5 24. Qf2 e3 0-1